 Dungeon Crawl Stone Soup version 0.28.0-53-g5a82cb258f (webtiles) character file.

Game seed: 11823136301409417293

2 LynnLen the Sneak (level 1, 0/10 HPs)
             Began as a Vampire Enchanter on July 29, 2022.
             Constricted to death by a ball python (1 damage)
             ... on level 1 of the Dungeon.
             The game lasted 00:00:34 (406 turns).

LynnLen the Sneak (Vampire Enchanter)                Turns: 406, Time: 00:00:34

Health: 0/10       AC:  2    Str:  7    XL:     1   Next: 33%
Magic:  3/3        EV:  9    Int: 17    God:
Gold:   0          SH:  0    Dex: 14    Spells: 4/4 levels left

rFire   . . .      SeeInvis +   a - +1 dagger
rCold   + + .      Faith    .   (no shield)
rNeg    + + +      Spirit   .   b - +0 robe
rPois   ∞          Reflect  .   (no helmet)
rElec   .          Harm     .   (no cloak)
rCorr   .          Rampage  .   (no gloves)
Will    .....                   (no boots)
Stlth   +++++.....              (no amulet)
HPRegen 0.00/turn               (no ring)
MPRegen 0.08/turn               (no ring)

@: bloodless, inhibited regen, constricted
A: bloodless, fangs 3, see invisible, vampiric 1
a: Revivify


You were on level 1 of the Dungeon.
You visited 1 branch of the dungeon, and saw 1 of its levels.

Inventory:

Hand Weapons
 a - a +1 dagger (weapon)
Armour
 b - a +0 robe (worn)
Potions
 c - a potion of invisibility
 d - a potion of curing {unknown}


   Skills:
 * Level 1.2 Short Blades
 * Level 2.2 Dodging
 * Level 4.5 Stealth
 + Level 2.0 Spellcasting
 + Level 4.4 Hexes


You had 4 spell levels left.
You didn't know any spells.
Your spell library contained the following spells:

 Spells                   Type           Power      Damage    Failure   Level
 Confusing Touch          Hex            16%        N/A       10%         3
 Tukima's Dance           Hex            16%        N/A       10%         3
 Ensorcelled Hibernation  Hex/Ice        18%        N/A       12%         2
 Dazzling Flash           Conj/Hex       18%        N/A       24%         3


Dungeon Overview and Level Annotations

Branches:
Dungeon (1/15)

Altars:


Innate Abilities, Weirdness & Mutations

You do not regenerate when monsters are visible.
You are frail without blood (-20% HP).
You can heal yourself when you bite living creatures.
You are immune to poison.
You have razor-sharp teeth.
You have supernaturally acute eyesight. (SInv)
You are afflicted with vampirism.


Message History

The bat hits you but does no damage.
You hit the bat.
You kill the bat!
d - a black potion You open the door. 2 ball pythons come into view.
There are monsters nearby!
There are monsters nearby!
An endoplasm comes into view.
There is an open door here.
You hit the ball python.
The ball python is severely wounded.
The ball python closely misses you. The ball python grabs you.
The ball python constricts you.
You escape the ball python's grasp.
The ball python closely misses you. The ball python misses you.
There is an open door here.
You hit the ball python but do no damage.
The ball python is severely wounded.
The ball python closely misses you. The ball python grabs you.
The ball python constricts you.
You barely miss the ball python.
The ball python is severely wounded.
The endoplasm quivers.
The ball python closely misses you. The ball python constricts you.
The ball python completely misses you. The ball python constricts you.
You hit the ball python but do no damage.
The ball python is severely wounded.
The ball python bites you. The ball python constricts you.
You barely miss the ball python.
The ball python is severely wounded.
The ball python bites you but does no damage.
The ball python constricts you.
* * * LOW HITPOINT WARNING * * *
You hit the ball python.
You kill the ball python!
The ball python bites you.
* * * LOW HITPOINT WARNING * * *
The ball python grabs you. The ball python constricts you.
You die...

####......# #..
###############.# #.#
..........# #.# #.#
..........# #.# #.#
..........# #.###.#
..........#####..##.###
......J...............#
..#####S########..#.#.#
##@#########.#.#.#
#.........)....#.#
#..÷.....###...#.#
#........# #...#.#
#........# #...#.#
#........# #..>#.#
#.......## #####
#.......# #.......#


You could see an endoplasm and a ball python.

Vanquished Creatures
  A ball python (D:1)
  A bat (D:1)
  2 kobolds (D:1)
  A rat (D:1)
5 creatures vanquished.

Notes
Turn   | Place    | Note
-------+----------+-------------------------------------------
     0 | D:1      | LynnLen the Vampire Enchanter began the quest for the Orb.
     0 | D:1      | Reached XP level 1. HP: 13/13 MP: 3/3
   406 | D:1      | Constricted to death by a ball python

Illustrated notes

Levels and vault maps discovered:
D:1:      dpeg_arrival_stone_temple_mockup, layout_basic, serial_shops,
          nicolae_shop_advertising_works [nicolae_subvault_shop_adworks],
          chequers_serial_rivers_micro_d, minmay_tetromino_s2

Action                   || total
-------------------------++-------
Melee: Dagger            ||    16
       Bite              ||     1
 Abil: Exsanguinate      ||     1
Armor: Robe              ||     7
Dodge: Dodged            ||    18
